AoeStats
← Hotsochu

Hideout

509426476Analyzed
1v1 RM · 4d ago on Sep 26, 2026· 45m 40s· 2 players
Game mode
Random Map
Map size
Tiny (2 player)
Population
200
Speed
Normal
Resources
Standard
Victory
Conquest
Starting age
Dark Age
Ending age
Imperial Age
RankedLock teamsTeams togetherTeam positionsShared explorationLock speedFull tech treeHidden civsTurbo modeCheats
Victory
Defeat
🇫🇮 Bohemians · Finland
809
+15
🇨🇱 Gurjaras · Chile
784
-15
daniel.camilla1993
7:13 Loom
9:19 Feudal Age
9:14 Loom
10:02 Double-Bit Axe
9:59 Horse Collar
13:46 Wheelbarrow
14:27 Gold Mining
18:52 Castle Age
17:10 Forging
17:05 Scale Barding Armor
19:11 Bloodlines
20:08 Chain Barding Armor
20:23 Iron Casting
20:42 Husbandry
21:42 Bow Saw
23:38 Hand Cart
24:27 Heavy Plow
24:51 Town Watch
28:07 Town Patrol
29:51 Iron Casting
29:17 Fletching
29:31 Padded Archer Armor
34:42 Imperial Age
32:35 Devotion
33:19 Stone Mining
34:22 Thumb Ring
33:47 Elite Skirmisher
36:18 Crop Rotation
36:52 Plate Barding Armor
39:02 Elite Shrivamsha Rider
Hotsochu
9:39 Feudal Age
15:47 Castle Age
15:43 Double-Bit Axe
15:46 Horse Collar
20:51 Loom
24:35 Heavy Plow
24:29 Fletching
27:17 Bodkin Arrow
27:23 Padded Archer Armor
29:02 Bow Saw
28:37 Crossbowman
32:58 Imperial Age
31:15 Crossbowman
32:59 Wheelbarrow
32:47 Leather Archer Armor
34:11 Conscription
33:53 Arbalester
36:19 Ballistics
37:00 Chemistry
37:47 Bracer
38:22 Ring Archer Armor
38:56 Siege Engineers
Connection lost

Rejoining the realm…

Still unreachable

The connection could not be restored.

Session expired

The server has moved on; the page needs a fresh start.